 Dungeon Crawl Stone Soup version 0.30.0-29-ga12c61a403 (webtiles) character file.

Game seed: 935103897039891753

43519 qw the Cleaver (level 14, -24/90 HPs)
             Began as a Gargoyle Fighter on June 5, 2023.
             Was a High Priest of Okawaru.
             Blown up by an eye of devastation (41 damage)
             ... with a bolt of energy
             ... on level 5 of the Lair of Beasts.
             The game lasted 00:07:35 (14087 turns).

qw the Cleaver (Gargoyle Fighter)                  Turns: 14087, Time: 00:07:36

Health: -24/90     AC: 35    Str: 28    XL:     14   Next: 24%
Magic:  19/21      EV: 19    Int:  4    God:    Okawaru [*****.]
Gold:   658        SH: 12    Dex:  9    Spells: 13/13 levels left

rFire   . . .        B - +10 broad axe "Manafiwo" {venom, Fly rC+ Will+ Int-5}
rCold   + . .        j - +0 kite shield
rNeg    + . .        x - +0 plate armour
rPois   inf          m - +1 hat
rElec   +            h - +0 cloak
rCorr   .            t - +1 pair of gloves
SInv    .            y - +1 pair of boots
Will    ++...        i - amulet of regeneration Stlth
                     p - +5 ring of evasion
HPRegen 1.15/turn    b - ring of Xom's Malicious Joy {EV+5 Str+3}
MPRegen 0.17/turn

%: no passive effects
@: heroic, flying
A: sickness immunity, AC +10, big wings, negative energy resistance 1,
electricity resistance, torment resistance 1, petrification resistance
a: Renounce Religion, Heroism, Finesse, Duel


You were on level 5 of the Lair of Beasts.
You worshipped Okawaru.
Okawaru was extremely pleased with you.
You visited 2 branches of the dungeon, and saw 16 of its levels.

You collected 905 gold pieces.
You spent 247 gold pieces at shops.


Innate Abilities, Weirdness & Mutations

You are immune to sickness and miasma.
Your stone body is resilient. (AC +10)
You are immune to poison.
Your large and strong wings let you fly.
You resist negative energy. (rN+)
You are resistant to electric shocks. (rElec)
You are resistant to unholy torment.
You are immune to petrification.


   Skills:
 - Level 11.0(16.0) Fighting
 - Level 14.0(19.0) Axes
 - Level 5.1(10.1) Throwing
 - Level 10.0(15.0) Armour
 - Level 2.1(7.1) Dodging
 + Level 11.1(16.1) Shields
 - Level 10.0 Invocations


You had 13 spell levels left.
You didn't know any spells.
Your spell library was empty.

Inventory:

Hand Weapons
 o - a +2 war axe of flaming
 B - the +10 broad axe "Manafiwo" (weapon) {venom, Fly rC+ Will+ Int-5}
   (Okawaru gifted it to you on level 1 of the Lair of Beasts)

   Int:       It affects your intelligence (-5).
   rC:        It protects you from cold.
   Fly:       It grants you flight.
   Will:      It increases your willpower.
 C - the +4 broad axe of the Purse {flame, rPois Str+2}
   (You acquired it on level 2 of the Lair of Beasts)

   Str:       It affects your strength (+2).
   rPois:     It protects you from poison.
Missiles
 r - 5 boomerangs (quivered)
Armour
 h - a +0 cloak (worn)
 j - a +0 kite shield (worn)
 l - a +2 chain mail of cold resistance
 m - a +1 hat (worn)
 t - a +1 pair of gloves (worn)
 x - a +0 plate armour (worn)
 y - a +1 pair of boots (worn)
Jewellery
 b - the ring of Xom's Malicious Joy (right hand) {EV+5 Str+3}
   (You acquired it on level 4 of the Dungeon)

   [ring of evasion]

   EV:        It affects your evasion (+5).
   Str:       It affects your strength (+3).
 i - an amulet of regeneration (around neck)
 p - a +5 ring of evasion (left hand)
 q - a ring of ice
Scrolls
 n - 3 scrolls of identify
 s - a scroll of enchant weapon
 u - 4 scrolls of teleportation
 A - 2 scrolls of amnesia {unknown}
Potions
 a - 5 potions of mutation
 d - 8 potions of might
 e - 3 potions of attraction
 f - 3 potions of haste
 g - 6 potions of curing
 k - 2 potions of heal wounds
 v - 5 potions of magic
 w - 2 potions of lignification
 z - a potion of cancellation

Dungeon Overview and Level Annotations

Branches:
Dungeon (11/15)            Temple (0/1) D:7            Lair (5/5) D:11
  Swamp (0/4) Lair:3       Spider (0/4) Lair:2          Orc (0/2) D:10
  Slime: Lair:4-5

Altars:
Cheibriados
Gozag
Okawaru
Uskayaw
Wu Jian
Yredelemnul
The Shining One

Shops:
D:4 [   D:9 [


Message History

Enter note:
14079 ||| Stepping ~*~*~tactically~*~*~ (stealth).
The eye of devastation turns its gaze towards you.
The floating eye turns its gaze towards you.
The eye of devastation gazes at you. The bolt of energy hits you!!
You hit the cane toad.
The cane toad is lightly wounded.
You hit the hell rat.
The hell rat is poisoned.
The cane toad stings you but does no damage.
The floating eye seems to glare at you.
You slice the hell rat!!
You kill the hell rat!
Okawaru accepts your kill.
You barely miss the cane toad. The cane toad barely misses you.
The floating eye gazes piercingly through you!
You suddenly lose the ability to move!
The cane toad stings you! The floating eye's view fixates on you.
The hell rat bites you!
The cane toad stings you but does no damage.
The hell rat bites you!
The cane toad stings you but does no damage.
The hell rat bites you but does no damage.
The hell rat bites you but does no damage.
The cane toad stings you. The hell rat bites you! The hell rat bites you.
The cane toad stings you but does no damage.
The hell rat bites you but does no damage. x2
The floating eye gazes piercingly through you!
You shrug off the repeated paralysis!
You can move again.
14087 ||| INVOKING Heroism.
You gain the combat prowess of a mighty hero.
The cane toad stings you! The hell rat misses you.
The hell rat bites you but does no damage.
The floating eye's stare focuses on you.
The eye of devastation gazes at you. The bolt of energy hits you!!!
You die...

....... .. #.....
... ....? ...#
##...## .
....##..#..##..
#.........#.[...
#......GFrG..#
#......r@.##
#....#.#...###
##...P.......####
##.......#....P..#
####
#.................
#..#
#................#
...#
#......P#P#P##.##.
...#####......######
## .....#........#


You could see an eye of devastation, a cane toad, 2 hell rats and a floating eye
(charged).

Vanquished Creatures
  An entropy weaver (shapeshifter) (Lair:5)
  2 hydras
  3 catoblepae
  An ogre mage (D:11)
  4 two-headed ogres
  2 boulder beetles (D:11)
  10 death yaks
  A large abomination (Lair:5)
  Pikel (D:7)
  A manticore (D:8)
  A cyclops (D:7)
  An ugly thing (Lair:5)
  3 black mambas
  2 smoke demons (Lair:5)
  Joseph (D:9)
  A torpor snail (Lair:4)
  6 cane toads
  Maggie (D:7)
  A kobold demonologist (D:10)
  6 komodo dragons
  An ancient zyme (Lair:5)
  2 trolls
  5 hornets (D:11)
  17 blink frogs
  6 wyverns
  6 basilisks
  A spriggan (Lair:5)
  2 wraiths
  42 yaks
  12 small abominations (Lair:5)
  3 chaos spawn (Lair:5)
  3 steam dragons
  7 vampire mosquitoes
  An acid dragon (D:10)
  3 water moccasins
  A floating eye (D:11)
  A sky beast (D:7)
  6 orc warriors
  2 ice beasts (D:6)
  An ogre (D:5)
  10 wolves
  3 centaurs
  A phantom (D:6)
  3 lemures (D:7)
  5 kobold brigands
  16 bullfrogs
  3 gnoll sergeants
  A scorpion (D:5)
  12 wights
  7 killer bees (D:9)
  A howler monkey (D:7)
  An electric eel (Lair:4)
  5 jellies
  9 orc priests
  3 hounds
  2 iguanas
  2 sleepcaps (D:3)
  Jessica (D:2)
  Terence (D:2)
  Natasha (D:2)
  A hell rat (Lair:5)
  9 orc wizards
  12 gnolls
  4 adders
  A river rat (D:3)
  A shadow imp (D:6)
  3 white imps
  A worm (D:3)
  31 orcs
  6 ball pythons
  9 endoplasms
  3 giant cockroaches
  12 goblins
  3 hobgoblins
  9 quokkas
  5 bats
  4 frilled lizards
  36 kobolds
  2 rats (D:2)
410 creatures vanquished.

Vanquished Creatures (others)
  A killer bee (D:9)
1 creature vanquished.

Grand Total: 411 creatures vanquished

Notes
Turn   | Place    | Note
-------+----------+-------------------------------------------
     0 | D:1      | qw the Gargoyle Fighter began the quest for the Orb.
     0 | D:1      | Reached XP level 1. HP: 14/14 MP: 1/1
     0 | D:1      | 0 ||| qw: Version: 0.2-a-108-gee2c290
     0 | D:1      | 0 ||| qw: Game counter: 1366
     0 | D:1      | 0 ||| qw: Always use a shield: true
     0 | D:1      | 0 ||| qw: God list: Okawaru
     0 | D:1      | 0 ||| qw: Allow faded altars: false
     0 | D:1      | 0 ||| qw: Do Orc after D:15 true
     0 | D:1      | 0 ||| qw: Do second Lair branch before Depths: true
     0 | D:1      | 0 ||| qw: Lair rune preference: random
     0 | D:1      | 0 ||| qw: Plans: Normal, Zot:1-4, Slime:5, God:TSO, Crypt,
                  | Tomb, Abyss, Pan, Hells, Win
     0 | D:1      | 0 ||| PLANNING D:1-11
    76 | D:1      | Reached skill level 2 in Axes
   278 | D:1      | Reached XP level 2. HP: 19/19 MP: 2/2
   297 | D:1      | 297 ||| Stepping ~*~*~tactically~*~*~ (hiding).
   300 | D:1      | 300 ||| Stepping ~*~*~tactically~*~*~ (hiding).
   302 | D:1      | 302 ||| Stepping ~*~*~tactically~*~*~ (hiding).
   333 | D:1      | 333 ||| Stepping ~*~*~tactically~*~*~ (stealth).
   412 | D:1      | 412 ||| Stepping ~*~*~tactically~*~*~ (hiding).
   413 | D:1      | 413 ||| Stepping ~*~*~tactically~*~*~ (hiding).
   414 | D:1      | 414 ||| Stepping ~*~*~tactically~*~*~ (hiding).
   760 | D:1      | Found a faded altar of an unknown god.
   882 | D:1      | 882 ||| UPGRADING to +0 chain mail.
   892 | D:1      | 892 ||| DROPPING +0 scale mail.
   893 | D:1      | 893 ||| UPGRADING to +4 ring of protection.
   894 | D:1      | 894 ||| READING 2 scrolls labelled MEKI IL XIUBID.
   895 | D:1      | 895 ||| READING scroll labelled CUAG WOYTILUP.
   896 | D:1      | 896 ||| READING scroll labelled HOETUNK OMOGAHYHICS.
   997 | D:1      | 997 ||| READING scroll labelled FIGYOL WEOKK.
   998 | D:1      | 998 ||| READING 4 scrolls labelled WETTEG ZAFAGESM.
   999 | D:1      | 999 ||| READING 3 scrolls of identify.
   999 | D:1      | 999 ||| IDENTIFYING blue potion
  1000 | D:1      | 1000 ||| READING 2 scrolls of identify.
  1000 | D:1      | 1000 ||| IDENTIFYING lumpy grey potion
  1001 | D:1      | 1001 ||| DROPPING scroll of fear.
  1002 | D:1      | 1002 ||| DROPPING potion of ambrosia.
  1031 | D:2      | Reached skill level 3 in Axes
  1031 | D:2      | Reached XP level 3. HP: 23/23 MP: 3/3
  1078 | D:2      | Noticed Jessica
  1080 | D:2      | 1080 ||| Stepping ~*~*~tactically~*~*~ (hiding).
  1085 | D:2      | Killed Jessica
  1140 | D:2      | Reached XP level 4. HP: 28/28 MP: 4/4
  1190 | D:2      | Noticed Terence
  1200 | D:2      | Killed Terence
  1201 | D:2      | Reached skill level 4 in Axes
  1221 | D:2      | 1221 ||| DROPPING +0 club.
  1249 | D:2      | 1249 ||| Stepping ~*~*~tactically~*~*~ (stealth).
  1511 | D:2      | Noticed Natasha
  1517 | D:2      | Killed Natasha
  1518 | D:2      | Reached XP level 5. HP: 32/32 MP: 5/5
  1689 | D:2      | 1689 ||| UPGRADING to +0 cloak.
  1717 | D:3      | 1717 ||| PLANNING SEWER
  1830 | D:3      | You fall into a shaft and drop 1 floor!
  1830 | D:4      | Found a glowing golden altar of the Shining One.
  1959 | D:4      | 1959 ||| UPGRADING to amulet of regeneration.
  2271 | D:3      | Reached skill level 5 in Axes
  2272 | D:3      | 2272 ||| Stepping ~*~*~tactically~*~*~ (hiding).
  2491 | D:3      | 2491 ||| RIP SEWER
  2509 | D:3      | 2509 ||| PLANNING D:1-11
  2509 | D:3      | 2509 ||| Stepping ~*~*~tactically~*~*~ (hiding).
  2521 | D:3      | Reached XP level 6. HP: 23/38 MP: 6/6
  2667 | D:3      | 2667 ||| UPGRADING to +1 hat.
  2720 | D:4      | Found Hideomoe's Armour Shop.
  2728 | D:4      | 2728 ||| BUYING +0 pair of boots (45 gold).
  2728 | D:4      | Bought a +0 pair of boots for 45 gold pieces
  2728 | D:4      | 2728 ||| SHOPLISTING +4 ring mail "Apsoexiv" {Harm Will+++
                  | Dex-4} (506 gold, have 71).
  2879 | D:4      | 2879 ||| DROPPING +0 flail.
  3058 | D:4      | 3058 ||| UPGRADING to +0 pair of boots.
  3063 | D:4      | 3063 ||| READING scroll labelled AKHE TEHIASM.
  3064 | D:4      | 3064 ||| READING scroll labelled VITETI VYLUS.
  3065 | D:4      | 3065 ||| READING scroll labelled YGAB WICAOREO.
  3069 | D:4      | 3069 ||| READING scroll labelled HEIGICU CAETZE.
  3070 | D:4      | 3070 ||| READING scroll labelled NIUWUA LIATONK.
  3071 | D:4      | 3071 ||| READING scroll labelled KOON JYGIT.
  3072 | D:4      | 3072 ||| READING scroll labelled MISINO CEPP.
  3072 | D:4      | Identified a scroll of acquirement
  3072 | D:4      | 3072 ||| ACQUIRING ring of Xom's Malicious Joy {EV+5 Str+3}
  3072 | D:4      | Acquired the ring of Xom's Malicious Joy {EV+5 Str+3}
  3074 | D:4      | 3074 ||| UPGRADING to ring of Xom's Malicious Joy {EV+5
                  | Str+3}.
  3075 | D:4      | 3075 ||| DRINKING 2 viscous orange potions.
  3076 | D:4      | 3076 ||| DRINKING 2 brown potions.
  3077 | D:4      | 3077 ||| DRINKING 2 emerald potions.
  3078 | D:4      | 3078 ||| READING 2 scrolls of identify.
  3078 | D:4      | 3078 ||| IDENTIFYING orange potion
  3079 | D:4      | 3079 ||| DROPPING potion of flight.
  3099 | D:5      | Entered Level 5 of the Dungeon
  3115 | D:5      | Reached skill level 6 in Axes
  3210 | D:5      | Reached skill level 1 in Dodging
  3210 | D:5      | Reached XP level 7. HP: 29/43 MP: 7/7
  3276 | D:5      | 3276 ||| Stepping ~*~*~tactically~*~*~ (stealth).
  3294 | D:5      | Found a hide-covered altar of Uskayaw.
  3450 | D:5      | Found a snail-covered altar of Cheibriados.
  3576 | D:5      | 3576 ||| READING scroll labelled XUJ JUILEGGYTO.
  3577 | D:5      | 3577 ||| DRINKING 3 viscous cyan potions.
  3598 | D:5      | 3598 ||| READING 2 scrolls of identify.
  3598 | D:5      | 3598 ||| IDENTIFYING fuming amethyst potion
  3805 | D:6      | Reached skill level 7 in Axes
  3872 | D:6      | 3872 ||| Stepping ~*~*~tactically~*~*~ (hiding).
  3875 | D:6      | 3875 ||| Stepping ~*~*~tactically~*~*~ (hiding).
  3885 | D:6      | 3885 ||| Stepping ~*~*~tactically~*~*~ (stealth).
  3887 | D:6      | 3887 ||| Stepping ~*~*~tactically~*~*~ (stealth).
  3890 | D:6      | 3890 ||| Stepping ~*~*~tactically~*~*~ (stealth).
  3892 | D:6      | 3892 ||| Stepping ~*~*~tactically~*~*~ (hiding).
  3893 | D:6      | 3893 ||| Stepping ~*~*~tactically~*~*~ (hiding).
  3897 | D:6      | 3897 ||| DRINKING 2 potions of curing.
  3897 | D:6      | 3897 ||| (to cure confusion)
  3900 | D:6      | Reached XP level 8. HP: 49/49 MP: 8/8
  4138 | D:6      | 4138 ||| Stepping ~*~*~tactically~*~*~ (cloud).
  4266 | D:6      | Reached skill level 8 in Axes
  4290 | D:6      | 4290 ||| Stepping ~*~*~tactically~*~*~ (hiding).
  4431 | D:6      | Reached skill level 6 in Fighting
  4433 | D:6      | 4433 ||| DROPPING +2 flail of venom.
  4507 | D:6      | Identified the +4 trident "Jeutzyff" {flame, +Blink rElec
                  | Dex-5}
  4708 | D:6      | 4708 ||| UPGRADING to +2 chain mail of cold resistance.
  4718 | D:6      | 4718 ||| DROPPING +0 chain mail.
  4719 | D:6      | 4719 ||| DROPPING amulet of magic regeneration.
  4720 | D:6      | 4720 ||| DROPPING +6 ring of strength.
  4721 | D:6      | 4721 ||| READING 2 scrolls of identify.
  4721 | D:6      | 4721 ||| IDENTIFYING smoky silvery potion
  4772 | D:7      | Noticed a cyclops
  4773 | D:7      | 4773 ||| Stepping ~*~*~tactically~*~*~ (hiding).
  4776 | D:7      | 4776 ||| FLEEEEING.
  4776 | D:7      | HP: 9/51 [cyclops/large rock (29)]
  4777 | D:7      | 4777 ||| FLEEEEING.
  4778 | D:7      | 4778 ||| FLEEEEING.
  4780 | D:7      | 4780 ||| STAIRDANCE
  4822 | D:7      | 4822 ||| Stepping ~*~*~tactically~*~*~ (hiding).
  4829 | D:7      | Killed a cyclops
  4830 | D:7      | Reached skill level 3 in Throwing
  4830 | D:7      | Reached XP level 9. HP: 51/55 MP: 9/9
  4840 | D:7      | 4840 ||| Stepping ~*~*~tactically~*~*~ (stealth).
  4924 | D:7      | Reached skill level 9 in Axes
  5059 | D:7      | Noticed Maggie
  5060 | D:7      | 5060 ||| Stepping ~*~*~tactically~*~*~ (hiding).
  5061 | D:7      | 5061 ||| Stepping ~*~*~tactically~*~*~ (hiding).
  5062 | D:7      | 5062 ||| Stepping ~*~*~tactically~*~*~ (hiding).
  5071 | D:7      | Killed Maggie
  5081 | D:7      | 5081 ||| SWAPPING to +1 war axe of flaming.
  5082 | D:7      | 5082 ||| DROPPING +1 morningstar of freezing.
  5083 | D:7      | 5083 ||| DROPPING +1 war axe.
  5116 | D:7      | Noticed Pikel
  5117 | D:7      | 5117 ||| Stepping ~*~*~tactically~*~*~ (stealth).
  5151 | D:7      | 5151 ||| Stepping ~*~*~tactically~*~*~ (stealth).
  5153 | D:7      | 5153 ||| Stepping ~*~*~tactically~*~*~ (stealth).
  5157 | D:7      | 5157 ||| Stepping ~*~*~tactically~*~*~ (stealth).
  5165 | D:7      | Killed Pikel
  5210 | D:7      | 5210 ||| Stepping ~*~*~tactically~*~*~ (hiding).
  5224 | D:7      | 5224 ||| Stepping ~*~*~tactically~*~*~ (hiding).
  5246 | D:7      | 5246 ||| READING scroll of enchant weapon.
  5246 | D:7      | 5246 ||| ENCHANTING +1 war axe of flaming.
  5439 | D:7      | 5439 ||| Stepping ~*~*~tactically~*~*~ (cloud).
  5450 | D:7      | Reached XP level 10. HP: 57/63 MP: 10/10
  5510 | D:7      | Found a basalt altar of Yredelemnul.
  5517 | D:7      | Found an iron altar of Okawaru.
  5517 | D:7      | Found an opulent altar of Gozag.
  5518 | D:7      | 5518 ||| PLANNING OKAWARU WORSHIP
  5518 | D:7      | 5518 ||| UPGRADING to +0 kite shield.
  5528 | D:7      | 5528 ||| DROPPING +0 buckler.
  5529 | D:7      | 5529 ||| READING 2 scrolls of identify.
  5529 | D:7      | 5529 ||| IDENTIFYING amethyst potion
  5530 | D:7      | 5530 ||| DROPPING potion of degeneration.
  5535 | D:7      | Found an ornate altar of the Wu Jian Council.
  5538 | D:7      | Became a worshipper of Warmaster Okawaru
  5538 | D:7      | 5538 ||| PLANNING D:1-11
  5769 | D:7      | Found a staircase to the Ecumenical Temple.
  5913 | D:7      | 5913 ||| UPGRADING to +0 pair of gloves.
  5962 | D:8      | 5962 ||| Stepping ~*~*~tactically~*~*~ (hiding).
  5991 | D:8      | Reached skill level 6 in Shields
  5996 | D:8      | 5996 ||| Stepping ~*~*~tactically~*~*~ (hiding).
  6003 | D:8      | 6003 ||| Stepping ~*~*~tactically~*~*~ (hiding).
  6025 | D:8      | 6025 ||| Stepping ~*~*~tactically~*~*~ (stealth).
  6026 | D:8      | 6026 ||| Stepping ~*~*~tactically~*~*~ (stealth).
  6040 | D:8      | 6040 ||| Stepping ~*~*~tactically~*~*~ (stealth).
  6156 | D:8      | 6156 ||| Stepping ~*~*~tactically~*~*~ (hiding).
  6412 | D:8      | 6412 ||| Stepping ~*~*~tactically~*~*~ (hiding).
  6415 | D:8      | 6415 ||| Stepping ~*~*~tactically~*~*~ (hiding).
  6416 | D:8      | 6416 ||| Stepping ~*~*~tactically~*~*~ (hiding).
  6420 | D:8      | Found a flagged portal.
  6522 | D:8      | 6522 ||| Stepping ~*~*~tactically~*~*~ (stealth).
  6524 | D:8      | 6524 ||| Stepping ~*~*~tactically~*~*~ (hiding).
  6549 | D:8      | Reached * piety under Okawaru
  6572 | D:8      | Noticed a manticore
  6573 | D:8      | 6573 ||| INVOKING Heroism.
  6574 | D:8      | 6574 ||| INVOKING Heroism.
  6582 | D:8      | Killed a manticore
  6840 | D:8      | Reached skill level 1 in Invocations
  6864 | D:8      | 6864 ||| DROPPING ring of see invisible.
  6899 | D:9      | Noticed Joseph
  6903 | D:9      | Noticed a two-headed ogre
  6904 | D:9      | 6904 ||| INVOKING Heroism.
  6913 | D:9      | Killed a two-headed ogre
  6913 | D:9      | Reached ** piety under Okawaru
  6914 | D:9      | Reached skill level 3 in Invocations
  6925 | D:9      | Killed Joseph
  6926 | D:9      | Reached skill level 9 in Shields
  6992 | D:9      | 6992 ||| INVOKING Heroism.
  7119 | D:9      | 7119 ||| INVOKING Heroism.
  7149 | D:9      | 7149 ||| INVOKING Heroism.
  7166 | D:9      | Reached skill level 10 in Axes
  7172 | D:9      | 7172 ||| INVOKING Heroism.
  7176 | D:9      | Reached XP level 11. HP: 25/68 MP: 11/14
  7224 | D:9      | Found Biriol's Antique Armour Boutique.
  7228 | D:9      | 7228 ||| Stepping ~*~*~tactically~*~*~ (hiding).
  7229 | D:9      | 7229 ||| Stepping ~*~*~tactically~*~*~ (hiding).
  7252 | D:9      | 7252 ||| BUYING pair of runed boots (202 gold).
  7252 | D:9      | Bought a pair of runed boots for 202 gold pieces
  7252 | D:9      | 7252 ||| SHOPLISTING pitted chain mail (256 gold, have
                  | 135).
  7252 | D:9      | 7252 ||| SHOPLISTING shiny kite shield (202 gold, have
                  | 135).
  7329 | D:9      | Noticed a two-headed ogre
  7330 | D:9      | 7330 ||| INVOKING Heroism.
  7336 | D:9      | Killed a two-headed ogre
  7460 | D:9      | 7460 ||| INVOKING Heroism.
  7584 | D:9      | 7584 ||| UPGRADING to +1 pair of boots.
  7594 | D:9      | 7594 ||| DROPPING +0 pair of boots.
  7595 | D:9      | 7595 ||| READING scroll labelled SAS HOLOCI.
  7596 | D:9      | 7596 ||| READING 2 scrolls of identify.
  7596 | D:9      | 7596 ||| IDENTIFYING sapphire potion
  7597 | D:9      | 7597 ||| DROPPING potion of brilliance.
  7613 | D:10     | Entered Level 10 of the Dungeon
  7621 | D:10     | Noticed a two-headed ogre
  7622 | D:10     | 7622 ||| INVOKING Heroism.
  7629 | D:10     | Killed a two-headed ogre
  7630 | D:10     | Reached skill level 6 in Armour
  7748 | D:10     | Found a staircase to the Orcish Mines.
  7749 | D:10     | 7749 ||| Stepping ~*~*~tactically~*~*~ (hiding).
  7754 | D:10     | Noticed a two-headed ogre
  7755 | D:10     | 7755 ||| INVOKING Heroism.
  7766 | D:10     | Killed a two-headed ogre
  7770 | D:10     | Reached *** piety under Okawaru
  8098 | D:10     | 8098 ||| Stepping ~*~*~tactically~*~*~ (hiding).
  8106 | D:10     | Reached skill level 11 in Axes
  8413 | D:10     | 8413 ||| READING 3 scrolls of identify.
  8413 | D:10     | 8413 ||| IDENTIFYING glowing amethyst potion
  8414 | D:10     | 8414 ||| DROPPING potion of invisibility.
  8462 | D:11     | 8462 ||| Stepping ~*~*~tactically~*~*~ (hiding).
  8475 | D:11     | 8475 ||| Stepping ~*~*~tactically~*~*~ (stealth).
  8478 | D:11     | Noticed a death yak
  8478 | D:11     | Noticed a death yak
  8479 | D:11     | 8479 ||| INVOKING Heroism.
  8485 | D:11     | Noticed a death yak
  8489 | D:11     | Noticed a death yak
  8489 | D:11     | Noticed a death yak
  8491 | D:11     | Killed a death yak
  8496 | D:11     | Killed a death yak
  8496 | D:11     | Reached **** piety under Okawaru
  8496 | D:11     | Noticed a death yak
  8499 | D:11     | 8499 ||| INVOKING Heroism.
  8501 | D:11     | Killed a death yak
  8502 | D:11     | Reached skill level 9 in Fighting
  8510 | D:11     | Killed a death yak
  8513 | D:11     | Killed a death yak
  8513 | D:11     | Killed a death yak
  8514 | D:11     | Reached XP level 12. HP: 74/76 MP: 13/15
  8526 | D:11     | Found a staircase to the Lair.
  8631 | D:11     | Noticed an ogre mage
  8632 | D:11     | 8632 ||| INVOKING Heroism.
  8682 | D:11     | 8682 ||| INVOKING Heroism.
  8686 | D:11     | Killed an ogre mage
  8686 | D:11     | Reached ***** piety under Okawaru
  8687 | D:11     | Reached skill level 6 in Invocations
  8744 | D:11     | Noticed a boulder beetle
  8745 | D:11     | 8745 ||| INVOKING Heroism.
  8771 | D:11     | Killed a boulder beetle
  9143 | D:11     | 9143 ||| Stepping ~*~*~tactically~*~*~ (stealth).
  9252 | D:11     | Noticed a boulder beetle
  9253 | D:11     | 9253 ||| INVOKING Heroism.
  9254 | D:11     | 9254 ||| INVOKING Finesse.
  9259 | D:11     | Killed a boulder beetle
  9259 | D:11     | Received a gift from Okawaru
  9260 | D:11     | Reached skill level 12 in Axes
  9470 | D:11     | 9470 ||| PLANNING LAIR
  9470 | D:11     | 9470 ||| UPGRADING to +5 ring of evasion.
  9472 | D:11     | 9472 ||| DROPPING +4 ring of protection.
  9539 | Lair:1   | Entered Level 1 of the Lair of Beasts
  9552 | Lair:1   | Identified the +4 war axe of Victory {freeze, Fragile Fly
                  | Dex+5}
  9618 | Lair:1   | 9618 ||| Stepping ~*~*~tactically~*~*~ (water).
  9646 | Lair:1   | Received a gift from Okawaru
  9725 | Lair:1   | Identified the +10 broad axe "Manafiwo" {venom, Fly rC+
                  | Will+ Int-5} (Okawaru gifted it to you on level 1 of the
                  | Lair of Beasts)
  9725 | Lair:1   | Received a gift from Okawaru
  9727 | Lair:1   | 9727 ||| SWAPPING to +10 broad axe "Manafiwo" {venom, Fly
                  | rC+ Will+ Int-5}.
  9728 | Lair:1   | 9728 ||| DROPPING +4 war axe of Victory {freeze, Fragile
                  | Fly Dex+5}.
  9792 | Lair:1   | 9792 ||| Stepping ~*~*~tactically~*~*~ (stealth).
  9892 | Lair:1   | 9892 ||| INVOKING Heroism.
  9925 | Lair:1   | Noticed a catoblepas
  9926 | Lair:1   | 9926 ||| Stepping ~*~*~tactically~*~*~ (hiding).
  9941 | Lair:1   | 9941 ||| INVOKING Heroism.
  9942 | Lair:1   | 9942 ||| INVOKING Finesse.
  9948 | Lair:1   | Killed a catoblepas
 10053 | Lair:1   | Reached skill level 9 in Invocations
 10454 | Lair:1   | 10454 ||| UPGRADING to +0 plate armour.
 10464 | Lair:1   | 10464 ||| DROPPING amulet of the acrobat.
 10509 | Lair:2   | Noticed a seven-headed hydra
 10510 | Lair:2   | 10510 ||| INVOKING Heroism.
 10514 | Lair:2   | 10514 ||| SWAPPING to +2 war axe of flaming.
 10519 | Lair:2   | Killed a three-headed hydra
 10520 | Lair:2   | Reached XP level 13. HP: 75/82 MP: 17/19
 10520 | Lair:2   | 10520 ||| SWAPPING to +10 broad axe "Manafiwo" {venom, Fly
                  | rC+ Will+ Int-5}.
 10602 | Lair:2   | Found a dark tunnel.
 10628 | Lair:2   | 10628 ||| Stepping ~*~*~tactically~*~*~ (hiding).
 10630 | Lair:2   | 10630 ||| Stepping ~*~*~tactically~*~*~ (hiding).
 10632 | Lair:2   | 10632 ||| Stepping ~*~*~tactically~*~*~ (hiding).
 10633 | Lair:2   | 10633 ||| Stepping ~*~*~tactically~*~*~ (hiding).
 10767 | Lair:2   | 10767 ||| Stepping ~*~*~tactically~*~*~ (stealth).
 10794 | Lair:2   | Found a hole to the Spider Nest.
 10796 | Lair:2   | 10796 ||| INVOKING Heroism.
 10913 | Lair:2   | 10913 ||| READING scroll of acquirement.
 10913 | Lair:2   | 10913 ||| ACQUIRING +4 broad axe of the Purse {flame, rPois
                  | Str+2}
 10913 | Lair:2   | Acquired the +4 broad axe of the Purse {flame, rPois Str+2}
 11194 | Lair:2   | 11194 ||| INVOKING Heroism.
 11452 | Lair:2   | 11452 ||| READING 4 scrolls of identify.
 11452 | Lair:2   | 11452 ||| IDENTIFYING glowing sapphire potion
 11507 | Lair:3   | 11507 ||| INVOKING Heroism.
 11513 | Lair:3   | Reached skill level 9 in Armour
 11537 | Lair:3   | Received a gift from Okawaru
 11579 | Lair:3   | 11579 ||| Stepping ~*~*~tactically~*~*~ (stealth).
 11581 | Lair:3   | 11581 ||| Stepping ~*~*~tactically~*~*~ (stealth).
 11587 | Lair:3   | 11587 ||| INVOKING Heroism.
 11605 | Lair:3   | 11605 ||| Stepping ~*~*~tactically~*~*~ (stealth).
 11612 | Lair:3   | Found a staircase to the Swamp.
 11710 | Lair:3   | 11710 ||| INVOKING Heroism.
 11739 | Lair:3   | 11739 ||| Stepping ~*~*~tactically~*~*~ (stealth).
 11740 | Lair:3   | 11740 ||| Stepping ~*~*~tactically~*~*~ (stealth).
 11818 | Lair:3   | Received a gift from Okawaru
 12298 | Lair:3   | 12298 ||| READING 3 scrolls of identify.
 12298 | Lair:3   | 12298 ||| IDENTIFYING murky emerald potion
 12299 | Lair:3   | 12299 ||| DROPPING potion of berserk rage.
 12355 | Lair:4   | 12355 ||| READING scroll of enchant armour.
 12355 | Lair:4   | 12355 ||| ENCHANTING +0 pair of gloves.
 12382 | Lair:4   | 12382 ||| INVOKING Heroism.
 12415 | Lair:4   | 12415 ||| INVOKING Finesse.
 12420 | Lair:4   | Reached skill level 13 in Axes
 12435 | Lair:4   | 12435 ||| Stepping ~*~*~tactically~*~*~ (stealth).
 12440 | Lair:4   | 12440 ||| SWAPPING to +4 broad axe of the Purse {flame,
                  | rPois Str+2}.
 12444 | Lair:4   | 12444 ||| SWAPPING to +10 broad axe "Manafiwo" {venom, Fly
                  | rC+ Will+ Int-5}.
 12512 | Lair:4   | 12512 ||| Stepping ~*~*~tactically~*~*~ (stealth).
 12529 | Lair:4   | 12529 ||| INVOKING Heroism.
 12945 | Lair:4   | 12945 ||| INVOKING Heroism.
 13044 | Lair:4   | 13044 ||| INVOKING Heroism.
 13403 | Lair:5   | Entered Level 5 of the Lair of Beasts
 13404 | Lair:5   | 13404 ||| INVOKING Heroism.
 13466 | Lair:5   | 13466 ||| INVOKING Heroism.
 13493 | Lair:5   | Noticed an entropy weaver
 13504 | Lair:5   | Killed an entropy weaver
 13505 | Lair:5   | Gained mutation: Your large and strong wings let you fly.
                  | [Gargoyle growth]
 13505 | Lair:5   | Reached XP level 14. HP: 88/88 MP: 21/21
 13521 | Lair:5   | 13521 ||| Stepping ~*~*~tactically~*~*~ (hiding).
 13555 | Lair:5   | 13555 ||| Stepping ~*~*~tactically~*~*~ (hiding).
 13556 | Lair:5   | 13556 ||| Stepping ~*~*~tactically~*~*~ (hiding).
 13583 | Lair:5   | 13583 ||| Stepping ~*~*~tactically~*~*~ (hiding).
 13694 | Lair:5   | 13694 ||| Stepping ~*~*~tactically~*~*~ (stealth).
 13701 | Lair:5   | Reached skill level 14 in Axes
 13716 | Lair:5   | 13716 ||| Stepping ~*~*~tactically~*~*~ (hiding).
 13718 | Lair:5   | 13718 ||| Stepping ~*~*~tactically~*~*~ (hiding).
 13734 | Lair:5   | 13734 ||| FLEEEEING.
 13735 | Lair:5   | 13735 ||| FLEEEEING.
 13736 | Lair:5   | 13736 ||| FLEEEEING.
 13806 | Lair:5   | 13806 ||| FLEEEEING.
 13807 | Lair:5   | 13807 ||| FLEEEEING.
 13808 | Lair:5   | 13808 ||| FLEEEEING.
 13828 | Lair:5   | 13828 ||| Stepping ~*~*~tactically~*~*~ (stealth).
 13834 | Lair:5   | 13834 ||| Stepping ~*~*~tactically~*~*~ (stealth).
 13836 | Lair:5   | 13836 ||| Stepping ~*~*~tactically~*~*~ (stealth).
 13880 | Lair:5   | 13880 ||| Stepping ~*~*~tactically~*~*~ (stealth).
 13913 | Lair:5   | 13913 ||| Stepping ~*~*~tactically~*~*~ (stealth).
 13926 | Lair:5   | 13926 ||| Stepping ~*~*~tactically~*~*~ (stealth).
 13939 | Lair:5   | 13939 ||| Stepping ~*~*~tactically~*~*~ (stealth).
 14078 | Lair:5   | 14078 ||| Stepping ~*~*~tactically~*~*~ (stealth).
 14079 | Lair:5   | 14079 ||| Stepping ~*~*~tactically~*~*~ (stealth).
 14082 | Lair:5   | Paralysed by a floating eye for 4 turns
 14087 | Lair:5   | 14087 ||| INVOKING Heroism.
 14087 | Lair:5   | HP: 17/90 [cane toad (11)]
 14087 | Lair:5   | Blown up by an eye of devastation

Levels and vault maps discovered:
D:1:      nzn_arrival_depleted_hourglass, layout_basic,
          shapermc_ecumenical_altar_mp_vishouse
D:2:      layout_loops_ring, uniq_jessica, uniq_natasha, uniq_terence
D:3:      layout_loops_ring, gup_sewer_entry_bubbles, hellmonk_no_cap
D:4:      layout_basic, tso_metal_star, serial_shops, nicolae_shop_stone
D:5:      layout_cave_pools, overflow_temple_1_default,
          mainiacjoe_overflow_paths
D:6:      layout_loops_corners, minmay_checkerbox
D:7:      layout_gridville, minitemple, lemuel_temple_firewalk_b,
          minmay_manual_monolith, uniq_maggie, uniq_pikel
D:8:      layout_loops_ring, enter_bailey_5, minmay_misc_feat_five,
          nicolae_eternal_life
D:9:      layout_roguey, serial_shops, nicolae_shop_competitors_out_of_business,
          uniq_joseph
D:10:     layout_roguey, david_orc_3, nicolae_nh_ransacked_shop
D:11:     hellmonk_paralyzer, layout_cave_pods, dpeg_lair_monsters
Lair:1:   wad_woods_pond, layout_regular_city
Lair:2:   layout_cave_pods, dummy_spider_entry, nicolae_volcano_entry_two_sided,
          grunt_megastairs_1
Lair:3:   layout_roguey, minmay_swamp_entry_swarm, infiniplex_staircase_pool_2
Lair:4:   nzn_winding_woodlands_stair_trap
          [nzn_winding_woodlands_5x15_concentric,
          nzn_winding_woodlands_5x15_pool,
          nzn_winding_woodlands_5x15_lazy_stream,
          nzn_winding_woodlands_15x15_eel_pit,
          nzn_winding_woodlands_5x15_river_crossing,
          nzn_winding_woodlands_5x15_crooked,
          nzn_winding_woodlands_5x15_jagged], layout_cave_pods,
          wad_woods_road_03
Lair:5:   hellmonk_lair_end_abyssal_woods, layout_cave_pods,
          minmay_slime_entry_eyes, special_room [special_room_bee]

Skill      XL: |  1  2  3  4  5  6  7  8  9 10 11 12 13 14 |
---------------+-------------------------------------------+-----
Axes           | 2 3 4 5 6 7 8 9 10 11 12 13 14 | 14.0
Fighting       | 4 5 6 7 9 10 11 | 11.0
Dodging        | 1 2 |  2.1
Armour         | 4 5 7 10 | 10.0
Throwing       | 3 4 5 |  5.1
Shields        | 5 9 10 11 | 11.1
Invocations    | 4 5 9 10 | 10.0

Action                     |  1- 3 |  4- 6 |  7- 9 | 10-12 | 13-15 || total
---------------------------+-------+-------+-------+-------+-------++-------
  Melee: War axe           |    64 |   173 |   254 |   461 |       ||   952
         Broad axe         |       |       |       |    29 |   302 ||   331
  Throw: Boomerang         |       |       |    22 |    61 |    73 ||   156
         Javelin           |       |       |       |    13 |    31 ||    44
 Invoke: Heroism           |       |       |       |    19 |    12 ||    31
         Finesse           |       |       |       |     2 |     1 ||     3
    Use: Scroll            |     7 |     8 |     4 |     4 |     4 ||    27
         Potion            |       |     3 |     2 |       |       ||     5
 Armour: Scale mail        |    23 |       |       |       |       ||    23
         Chain mail        |    13 |    93 |   136 |   152 |       ||   394
         Plate armour      |       |       |       |     3 |    66 ||    69
  Dodge: Dodged            |    24 |    49 |   142 |   277 |   114 ||   606
  Block: Buckler           |    11 |    21 |    28 |       |       ||    60
         Kite shield       |       |       |       |   264 |   105 ||   369

Table legend:
 A = Non-vault XP
 B = Vault XP
 C = Vault XP percentage of total XP
 D = Non-vault monster count
 E = Vault monster count
 F = Vault count percentage of total count
                 A         B        C        D         E       F
            +---------+---------+-------+---------+---------+-------
      Total |   36365 |   25805 |  41.5 |     297 |     110 |  27.0
            +---------+---------+-------+---------+---------+-------
        D:1 |      26 |       0 |   0.0 |      15 |       0 |   0.0
        D:2 |      42 |     108 |  72.0 |      19 |       3 |  13.6
        D:3 |      65 |     156 |  70.6 |      13 |      10 |  43.5
        D:4 |      70 |       0 |   0.0 |      12 |       0 |   0.0
        D:5 |     322 |       0 |   0.0 |      13 |       0 |   0.0
        D:6 |    1010 |     338 |  25.1 |      22 |       4 |  15.4
        D:7 |     790 |    2068 |  72.4 |      23 |       8 |  25.8
        D:8 |    1685 |       8 |   0.5 |      21 |       4 |  16.0
        D:9 |    3574 |     466 |  11.5 |      33 |       1 |   2.9
       D:10 |    3537 |     450 |  11.3 |      20 |      12 |  37.5
       D:11 |    3688 |    7327 |  66.5 |      22 |      13 |  37.1
     Lair:1 |    6066 |      88 |   1.4 |      26 |       1 |   3.7
     Lair:2 |    5490 |     425 |   7.2 |      24 |       1 |   4.0
     Lair:3 |    5273 |     717 |  12.0 |      22 |       4 |  15.4
     Lair:4 |    3690 |    4794 |  56.5 |       7 |      13 |  65.0
     Lair:5 |    1037 |    8860 |  89.5 |       5 |      36 |  87.8
            +---------+---------+-------+---------+---------+-------
